 Dungeon Crawl Stone Soup version 0.31-a0-1321-g5021b54cb2 (webtiles) character file.

Game seed: 9200174832139194409

902 pokeman the Thaumaturge (level 7, -1/40 HPs)
             Began as a Deep Elf Hedge Wizard on Dec 20, 2023.
             Slain by an orc warrior zombie
             ... wielding a +1 hand axe of venom
              (9 damage)
             ... on level 4 of the Dungeon.
             The game lasted 00:09:26 (4853 turns).

pokeman the Thaumaturge (Deep Elf Hedge Wizard)     Turns: 4853, Time: 00:09:26

Health: -1/40      AC:  4    Str:  7    XL:     7   Next: 80%
Magic:  18/20      EV: 13    Int: 21    God:
Gold:   158        SH:  0    Dex: 14    Spells: 14/22 levels left

rFire   . . .        y - +0 mace (venom)
rCold   . . .        (no shield)
rNeg    . . .        b - +0 robe
rPois   .            a - +0 helmet
rElec   .            p - scarf {shadows}
rCorr   .            (no gloves)
SInv    .            x - +0 pair of boots
Will    .....        (no amulet)
Stlth   ++           (no ring)
HPRegen 0.26/turn    (no ring)
MPRegen 0.17/turn

%: no passive effects
@: lethally poisoned (-1 -> -19)
A: no striking features
a: no special abilities


You were on level 4 of the Dungeon.
You visited 1 branch of the dungeon, and saw 4 of its levels.

You collected 158 gold pieces.

Inventory:

Hand Weapons
 y - a +0 mace of venom (weapon)
Missiles
 q - a throwing net
Armour
 a - a +0 helmet (worn)
 b - a +0 robe (worn)
 p - a scarf of shadows (worn)
 x - a +0 pair of boots (worn)
Jewellery
 j - an amulet of faith
Wands
 n - a wand of polymorph (8)
Scrolls
 c - 2 scrolls of fog {unknown}
 e - 2 scrolls of torment {unknown}
 i - 5 scrolls of identify {unknown}
 m - 3 scrolls of vulnerability {unknown}
 o - 2 scrolls of revelation {unknown}
 r - a scroll of enchant weapon {unknown}
 t - a scroll of enchant armour {unknown}
 u - a scroll of noise {unknown}
 v - 2 scrolls of teleportation {unknown}
Potions
 d - a potion of magic
 f - a potion of attraction {unknown}
 g - 2 potions of enlightenment {unknown}
 h - a potion of haste {unknown}
 k - 2 potions of resistance
 l - 2 potions of mutation {unknown}
 s - 2 potions of might {unknown}
 w - a potion of lignification {unknown}
 z - a potion of curing {unknown}


   Skills:
 - Level 2.0 Fighting
 + Level 1.3 Armour
 - Level 3.2 Dodging
 - Level 3.0 Stealth
 * Level 8.4 Spellcasting
 + Level 5.6 Conjurations
 - Level 1.1 Summonings
 - Level 1.1 Translocations
 - Level 1.0 Air Magic
 - Level 1.0 Alchemy
 - Level 1.1 Evocations


You had 14 spell levels left.
You knew the following spells:

 Your Spells              Type           Power      Damage    Failure   Level
a - Magic Dart            Conj           100%       1d8       1%          1
b - Mephitic Cloud        Conj/Alch/Air  19%        N/A       8%          3
c - Call Imp              Summ           26%        N/A       8%          2
d - Blink                 Tloc           26%        N/A       8%          2

Your spell library contained the following spells:

 Spells                   Type           Power      Damage    Failure   Level
 Slow                     Hex            32%        N/A       8%          1
 Cigotuvi's Dreadful Rot  Necr/Alch/Air  22%        N/A       9%          2


Dungeon Overview and Level Annotations

Branches:
Dungeon (4/15)
 Temple: D:4-7

Altars:
Ashenzari
Cheibriados
Ru

Shops:
D:4 :

Annotations:
D:4 1 transporter


Message History

A gnoll sergeant zombie comes into view.
It is wielding a +2 spear of venom.
Found 12 gold pieces.
The orc warrior zombie closely misses you.
You close the gate.
The orc warrior zombie closely misses you.
You hit the orc warrior zombie.
The orc warrior zombie is moderately damaged.
The orc warrior zombie barely misses you.
You closely miss the orc warrior zombie.
The orc warrior zombie is moderately damaged.
The orc warrior zombie closely misses you.
You hit the orc warrior zombie.
The orc warrior zombie is moderately damaged.
The orc warrior zombie hits you with a +1 hand axe of venom!
You are poisoned.
You closely miss the orc warrior zombie.
The orc warrior zombie is moderately damaged.
You feel extremely sick.
The orc warrior zombie hits you with a +1 hand axe of venom.
You are lethally poisoned!
Casting: Magic Dart (safe; 1% risk of failure)
Confirm with . or Enter, or press ? or * to list all spells.
Aiming: Magic Dart (safe; 1% risk of failure)
Press: ? - help, Shift-Dir - straight line, f/p - orc warrior zombie
Aim: an orc warrior zombie, wielding a +1 hand axe of venom (moderately damaged, 100% to hit)
The magic dart hits the orc warrior zombie.
The orc warrior zombie is heavily damaged.
You feel very sick. The orc warrior zombie misses you.
Casting: Magic Dart (safe; 1% risk of failure)
Confirm with . or Enter, or press ? or * to list all spells.
Aiming: Magic Dart (safe; 1% risk of failure)
Press: ? - help, Shift-Dir - straight line, f/p - orc warrior zombie
Aim: an orc warrior zombie, wielding a +1 hand axe of venom (heavily damaged, 100% to hit)
The magic dart hits the orc warrior zombie!
The orc warrior zombie is severely damaged.
* * * LOW HITPOINT WARNING * * *
You feel very sick.
The orc warrior zombie hits you with a +1 hand axe of venom!
You die...

####...######.....#..##.#
...............©..##.##.#
####################.##.#
#°.○°.°°#.##.#
#°☼°○.☼°#.##.#
#°☼#©#○○#.##.# #########
#.○...°°#....# ........#
#°°#.#°°#.##.# ........#
#°○.Z@○○#..#.# ........#
###+++####.#.# ........#
Z○°○☼..○ #.#.# ........#
#°°.○.○°○.#.#.# ........#
#..○...°○○#.#.#
......).###.°.$=$○.°#...#
..........#°°☼$©?°°°###>#
........#.# ###### ###
#########.# #.©.#


You could see an orc warrior zombie.

Vanquished Creatures
  Sigmund (D:4)
  A wyvern (D:4)
  A black bear (D:4)
  An ogre (D:4)
  Blork the orc (D:4)
  3 orc priests
  2 sleepcaps (D:4)
  2 iguanas (D:4)
  An orc wizard (D:4)
  3 adders
  3 worms
  3 dart slugs
  18 orcs
  5 endoplasms
  3 giant cockroaches
  6 goblins
  4 hobgoblins
  2 jackals (D:1)
  5 quokkas
  9 ball pythons
  3 bats
  5 frilled lizards
  10 kobolds
  5 rats
97 creatures vanquished.

Notes
Turn   | Place    | Note
-------+----------+-------------------------------------------
     0 | D:1      | pokeman the Deep Elf Hedge Wizard began the quest for the
                  | Orb.
     0 | D:1      | Reached XP level 1. HP: 10/10 MP: 7/7
   281 | D:1      | Reached XP level 2. HP: 15/15 MP: 0/9
   639 | D:1      | Reached skill level 5 in Spellcasting
   955 | D:2      | Reached XP level 3. HP: 20/20 MP: 9/11
   959 | D:2      | Learned a level 3 spell: Mephitic Cloud
   962 | D:2      | Learned a level 2 spell: Call Imp
   965 | D:2      | Learned a level 2 spell: Blink
  1215 | D:2      | Reached skill level 1 in Fighting
  1259 | D:2      | Reached skill level 1 in Armour
  2006 | D:3      | Reached XP level 4. HP: 25/25 MP: 1/13
  2193 | D:3      | Found a faded altar of an unknown god.
  2618 | D:3      | Reached skill level 6 in Spellcasting
  2747 | D:3      | Found a snail-covered altar of Cheibriados.
  3088 | D:3      | Found a sacrificial altar of Ru.
  3143 | D:4      | Found a transporter.
  3162 | D:4      | Noticed an ogre
  3174 | D:4      | Killed an ogre
  3175 | D:4      | Reached skill level 1 in Evocations
  3175 | D:4      | Reached XP level 5. HP: 29/29 MP: 6/16
  3249 | D:4      | Noticed Sigmund
  3262 | D:4      | Killed Sigmund
  3263 | D:4      | Reached XP level 6. HP: 34/34 MP: 14/17
  3483 | D:4      | Found Rastremoh's Vocational Training.
  3558 | D:4      | Reached skill level 1 in Alchemy
  3721 | D:4      | Found a transporter.
  3837 | D:4      | Reached skill level 7 in Spellcasting
  3837 | D:4      | Reached skill level 1 in Air Magic
  4125 | D:4      | Reached skill level 5 in Conjurations
  4125 | D:4      | Reached XP level 7. HP: 23/38 MP: 10/19
  4211 | D:4      | Found a broken altar of Ashenzari.
  4342 | D:4      | Noticed a wyvern
  4357 | D:4      | Killed a wyvern
  4358 | D:4      | Reached skill level 8 in Spellcasting
  4507 | D:4      | Noticed Blork the orc
  4530 | D:4      | Killed Blork the orc
  4853 | D:4      | Slain by an orc warrior zombie

Illustrated notes

Levels and vault maps discovered:
D:1:      minmay_arrival_shoal_huts, layout_rooms
D:2:      layout_basic
D:3:      layout_rooms, mainiacjoe_overflow_alcove_4, general_overflow_altar,
          dreamdust_ecumenical_altar_grove, kennysheep_generic_room_5
D:4:      gammafunk_cloud_chamber, layout_basic, cheibrodos_ashenzari_chains,
          nicolae_shop_vocational, uniq_sigmund, uniq_blork_the_orc

Skill      XL: |  1  2  3  4  5  6  7 |
---------------+----------------------+-----
Spellcasting   | 5 6 7 8 |  8.4
Fighting       | 1 2 |  2.0
Armour         | 1 |  1.3
Conjurations   | 2 4 5 |  5.6
Stealth        | 3 |  3.0
Dodging        | 3 |  3.2
Evocations     | 1 |  1.1
Alchemy        | 1 |  1.0
Air Magic      | 1 |  1.0
Summonings     | |  1.1
Translocations | |  1.1

Action                     |  1- 3 |  4- 6 |  7- 9 || total
---------------------------+-------+-------+-------++-------
  Melee: Dagger            |     4 |       |       ||     4
         Short sword       |    18 |    56 |    20 ||    94
         Punch             |       |     1 |     1 ||     2
         Mace              |       |       |    17 ||    17
   Cast: Magic Dart        |   119 |   121 |    19 ||   259
         Mephitic Cloud    |       |     8 |     3 ||    11
         Blink             |       |     2 |       ||     2
         Call Imp          |       |     2 |     3 ||     5
   Stab: Sleeping          |     1 |       |       ||     1
         Confused          |       |     4 |     5 ||     9
 Armour: Robe              |    13 |    32 |    10 ||    55
  Dodge: Dodged            |    14 |    47 |    17 ||    78

Table legend: (Time is in decaauts)
 A = Elapsed time spent in this place.
 B = Non-inter-level travel time spent in this place.
 C = Inter-level travel time spent in this place.
 D = Time resting spent in this place.
 E = Time spent auto-exploring this place.
 F = Levels seen in this place.
 G = Mean time per level.
                   A        B        C        D        E       F      G
               +--------+--------+--------+--------+--------+-----+--------+
         Total |   4828 |   4704 |    124 |    224 |   3714 |   4 | 1207.0 |
       Dungeon |   4828 |   4704 |    124 |    224 |   3714 |   4 | 1207.0 |
               +--------+--------+--------+--------+--------+-----+--------+

Top non-repeatable levels by time:
     D:4: 1704 daAuts
     D:2: 1101 daAuts
     D:3: 1068 daAuts
     D:1: 953 daAuts
